Map: Tropical Sacrifice

Players

SealMaster - Winner!

  • Race: Zerg Zerg
  • Spawn Location: 7:00

dylu

  • Race: Terran Terran
  • League: Silver
  • Spawn Location: 1:00

VOD

Have the link to the VOD?

Description

This is the quickest ranked match ive done.

Time

  • Played on: July 24, 2022, 9:30 p.m.
  • Length: 5:40
Show
View Real Time Build Order
Export as new Build Order

SealMaster Zerg - Winner!

Build Orders: Pool Only 

Get SALT Encoding   

  12  0:04  Drone  
  13  0:09  Drone  
  14  0:18  Overlord  
  14  0:33  Extractor  
  14  0:34  Drone  
  14  0:38  Drone  
  14  0:40  Drone  
  16  1:04  Spawning Pool  
  16  1:09  Drone x2  
  17  1:31  Drone  
  18  1:51  Zergling x6  
  18  1:53  Metabolic Boost  
  21  2:03  Overlord  
  21  2:16  Zergling x2  
  21  2:21  Queen  
  24  2:45  Zergling x2  
  24  2:46  Zergling x4  
  27  2:58  Zergling x2  
  28  3:13  Zergling x2  
  29  3:20  Lair  
  29  3:24  Extractor  
  29  3:25  Zergling x2  
  29  3:41  Drone  
  30  3:42  Overlord  
  30  4:33  Zergling x6  
Show
View Real Time Build Order
Export as new Build Order

dylu Terran 

Build Orders: Command Center First (CC) 

Get SALT Encoding   

  12  0:01  SCV  
  13  0:13  SCV  
  14  0:25  SCV  
  15  0:38  Supply Depot  
  15  1:00  SCV  
  15  1:01  Command Center  
  16  1:12  Barracks, SCV  
  17  1:22  Refinery  
  17  1:24  SCV  
  18  1:30  Refinery  
  18  1:36  SCV  
  19  1:48  SCV  
  20  2:00  SCV  
  21  2:07  Marine  
  22  2:16  Factory  
  22  2:28  SCV  
  23  2:32  Marine  
  24  2:44  SCV  
  24  2:48  SCV  
  24  2:49  Marine  
  27  2:56  SCV  
  28  3:01  SCV  
  28  3:04  Factory Tech Lab  
  29  3:08  SCV  
  29  3:12  Starport  
  30  3:13  SCV  
  30  3:16  Marine  
  32  3:20  SCV  
  32  3:25  SCV  
  34  3:33  SCV  
  35  3:37  SCV  
  35  3:38  Command Center  
  36  3:44  Barracks Reactor  
  36  3:50  Supply Depot  
  36  3:51  SCV  
  37  4:06  Supply Depot  
  38  4:10  Medivac  
  35  4:24  Marine x2  
  37  4:42  Marine  
  38  4:46  Siege Tank  
Tags
 
Add a new tag
Caveats
  • Supply blocks, unpowered buildings, or Contaminate may cause inaccurate times.
  • Supply counts are checked every 10 seconds.